 Dungeon Crawl Stone Soup version 0.32-a0-913-g739538afd8 (webtiles) character file.

Game seed: 10682974558986414258

72 runemasterragnar the Shooter (level 4, -3/34 HPs)
             Began as a Coglin Hunter on Apr 10, 2024.
             Slain by a hobgoblin
             ... wielding a +0 long sword
              (11 damage)
             ... on level 2 of the Dungeon.
             The game lasted 00:01:10 (1027 turns).

runemasterragnar the Shooter (Coglin Hunter)        Turns: 1027, Time: 00:01:11

Health: -3/34      AC:  4    Str: 12    XL:     4   Next: 26%
Magic:  4/4        EV:  5    Int:  8    God:
Gold:   77         SH:  0    Dex: 19    Spells: 3/3 levels left

rFire   . . .        a - +2 sling {Ekveer}
rCold   . . .        d - +0 sling {Hana}
rNeg    . . .        c - +0 leather armour
rPois   .            (no helmet)
rElec   .            p - +0 cloak
rCorr   .            (no gloves)
SInv    .            (no boots)
Will    .....        (amulet unavailable)
Stlth   ++           (ring unavailable)
HPRegen 0.25/turn    (ring unavailable)
MPRegen 0.09/turn    (no gizmo)

%: no passive effects
@: held, revved
A: off-hand wielding, slow wielding, warmup strikes, no jewellery
a: Invent Gizmo


You were on level 2 of the Dungeon.
You visited 1 branch of the dungeon, and saw 2 of its levels.

You collected 77 gold pieces.

Inventory:

Hand Weapons
 a - a +2 sling (weapon) {Ekveer}
 d - a +0 sling (offhand) {Hana}
Armour
 c - a +0 leather armour (worn)
 p - a +0 cloak (worn)
Wands
 o - a wand of flame (19)
Scrolls
 b - 2 scrolls of butterflies
 g - a scroll of blinking {unknown}
 h - 2 scrolls of enchant weapon {unknown}
 k - a scroll of revelation {unknown}
 l - a scroll of vulnerability {unknown}
 m - a scroll of fear {unknown}
 n - 3 scrolls of identify {unknown}
 q - a scroll of teleportation {unknown}
Potions
 e - a potion of haste {unknown}
 f - a potion of lignification {unknown}
 i - 3 potions of might {unknown}
 j - 2 potions of curing {unknown}


   Skills:
 + Level 2.5 Fighting
 * Level 4.2 Ranged Weapons
 + Level 2.3 Dodging
 + Level 1.6 Stealth
 + Level 0.6 Evocations


You had 3 spell levels left.
You didn't know any spells.
Your spell library was empty.

Dungeon Overview and Level Annotations

Branches:
Dungeon (2/15)

Altars:

Shops:
D:1 !


Innate Abilities, Weirdness & Mutations

You can wield a second weapon in your off-hand.
It takes a long time for you to wield or remove held weapons.
Your first few attacks do less damage.
You cannot equip rings or amulets.


Message History

You shoot a sling bullet.
The sling bullet closely misses the goblin.
The sling bullet hits the quokka.
You kill the quokka!
You shoot a sling bullet. The sling bullet hits the goblin.
You kill the goblin!
The hobgoblin throws a stone.
The stone misses you. The ribbon worm bites you. The hobgoblin misses you.
Things that are here:
a +0 club; a ribbon worm corpse You shoot a sling bullet.
The sling bullet hits the ribbon worm!
The ribbon worm is heavily wounded.
You shoot a sling bullet.
The sling bullet barely misses the ribbon worm.
The hobgoblin hits you with a +0 long sword.
The ribbon worm closely misses you.
You shoot a sling bullet.
The sling bullet hits the ribbon worm but does no damage.
The ribbon worm is moderately wounded.
You shoot a sling bullet. The sling bullet hits the ribbon worm!
The ribbon worm is severely wounded.
The hobgoblin hits you with a +0 long sword!
The ribbon worm expels a string of sticky webbing.
The stream of webbing hits you but does no damage.
You are caught in a web!
You are too injured to fight recklessly!
You are too injured to fight recklessly!
You are too injured to fight recklessly!
You are too injured to fight recklessly!
Unknown command.
You struggle to detach yourself from the web.
The hobgoblin hits you with a +0 long sword!
* * * LOW HITPOINT WARNING * * *
The ribbon worm barely misses you.
You struggle to detach yourself from the web.
The hobgoblin barely misses you. The ribbon worm bites you.
* * * LOW HITPOINT WARNING * * *
You struggle to detach yourself from the web.
The hobgoblin hits you with a +0 long sword!
You die...

### #.. ##.#
### #..# #..
#.## #.##.. #
#.##
#....w####.#
#...
#.g@..#.#
###)
#..##....# #.
#. ##..####
## #.
#......### #.
#..####...##
#. #.#
###..##### ##
. #.
##.....###.
#.
####.........
##
#....########


You could see a ribbon worm and a hobgoblin.

Vanquished Creatures
  Robin (D:2)
  A dart slug (D:1)
  2 ribbon worms (D:2)
  4 ball pythons
  2 endoplasms
  15 goblins
  3 hobgoblins
  4 jackals (D:1)
  2 quokkas
  4 bats
  5 frilled lizards
  5 kobolds
  3 rats (D:1)
51 creatures vanquished.

Notes
Turn   | Place    | Note
-------+----------+-------------------------------------------
     0 | D:1      | runemasterragnar the Coglin Hunter began the quest for the
                  | Orb.
     0 | D:1      | Reached XP level 1. HP: 16/16 MP: 1/1
   108 | D:1      | Reached skill level 1 in Stealth
   142 | D:1      | Reached XP level 2. HP: 21/22 MP: 2/2
   172 | D:1      | Found a faded altar of an unknown god.
   217 | D:1      | Found Qaih Buucw's Distillery.
   237 | D:1      | Reached XP level 3. HP: 27/27 MP: 3/3
   297 | D:1      | Reached skill level 4 in Ranged Weapons
   931 | D:2      | Noticed Robin
   939 | D:2      | Killed Robin
   943 | D:2      | Reached XP level 4. HP: 34/34 MP: 4/4
  1027 | D:2      | Slain by a hobgoblin

Illustrated notes

Levels and vault maps discovered:
D:1:      dpeg_arrival_leaves_temple_mockup, layout_loops_ring, serial_shops,
          shop, shapermc_ecumenical_altar_venn
D:2:      layout_rooms, uniq_robin

Skill      XL: |  1  2  3 |
---------------+----------+-----
Stealth        | 1 |  1.6
Dodging        | 2 |  2.3
Ranged Weapons | 4 |  4.2
Fighting       | |  2.5
Evocations     | |  0.6

Action                     |  1- 3 |  4- 6 || total
---------------------------+-------+-------++-------
   Fire: Sling             |   142 |    44 ||   186
 Armour: Leather armour    |     4 |    10 ||    14
  Dodge: Dodged            |    10 |    12 ||    22

Table legend: (Time is in decaauts)
 A = Elapsed time spent in this place.
 B = Non-inter-level travel time spent in this place.
 C = Inter-level travel time spent in this place.
 D = Time resting spent in this place.
 E = Time spent auto-exploring this place.
 F = Levels seen in this place.
 G = Mean time per level.
                   A        B        C        D        E       F      G
               +--------+--------+--------+--------+--------+-----+--------+
         Total |   1050 |   1022 |     28 |      0 |    813 |   2 |  525.0 |
       Dungeon |   1050 |   1022 |     28 |      0 |    813 |   2 |  525.0 |
               +--------+--------+--------+--------+--------+-----+--------+

Top non-repeatable levels by time:
     D:1: 746 daAuts
     D:2: 303 daAuts
